 Dungeon Crawl Stone Soup version 0.24.0-124-g2791043dd8 (webtiles) character file.

Game seed: 3374450177760799483, levelgen mode: deterministic

137 HawFromDerth the Grave Robber (level 5, 0/28 HPs)
             Began as a Deep Elf Necromancer on Feb 15, 2020.
             Was a Follower of Yredelemnul.
             Killed from afar by Sigmund (9 damage)
             ... with a magic dart
             ... on level 3 of the Dungeon.
             The game lasted 00:12:23 (3114 turns).

HawFromDerth the Grave Robber (DENe)                Turns: 3114, Time: 00:12:23

Health: 0/28       AC:  6    Str:  5    XL:     5   Next: 0%
Magic:  1/14       EV: 13    Int: 21    God:    Yredelemnul [*.....]
Gold:   54         SH:  0    Dex: 15    Spells: 2/13 levels left

rFire    . . .     SeeInvis .   b - +0 mace
rCold    . . .     Gourm    .   (no shield)
rNeg     . . .     Faith    .   a - +0 robe
rPois    .         Spirit   .   p - +2 helmet
rElec    .         Reflect  .   m - +0 cloak
rCorr    .         Harm     .   (no gloves)
MR       .....                  (no boots)
Stlth    ++........             (no amulet)
HPRegen  0.09/turn              (no ring)
MPRegen  0.14/turn              (no ring)

@: no status effects
A: no striking features
a: Animate Remains, Renounce Religion


You were on level 3 of the Dungeon.
You worshipped Yredelemnul.
Yredelemnul was aware of your devotion.
You were hungry.

You visited 1 branch of the dungeon, and saw 3 of its levels.

You collected 54 gold pieces.

Inventory:

Hand Weapons
 b - a +0 mace (weapon)
Armour
 a - a +0 robe (worn)
 m - a +0 cloak (worn)
 p - a +2 helmet (worn)
Scrolls
 d - a scroll of fear {unknown}
 e - a scroll of enchant armour {unknown}
 f - 2 scrolls of remove curse
 h - a scroll of fog {unknown}
 i - a scroll of magic mapping {unknown}
 j - 3 scrolls of amnesia {unknown}
 l - a scroll of immolation {unknown}
 o - a scroll of teleportation {unknown}
 r - 2 scrolls of random uselessness {unknown}
 s - a scroll of identify {unknown}
 t - a scroll of blinking {unknown}
Potions
 g - a potion of haste {unknown}
 k - a potion of might {unknown}
 n - a potion of brilliance {unknown}
 q - a potion of flight {unknown}
Comestibles
 c - 6 rations


   Skills:
 + Level 2.5 Dodging
 + Level 2.6 Stealth
 + Level 4.7 Spellcasting
 + Level 6.7 Necromancy


You had 2 spell levels left.
You knew the following spells:

 Your Spells              Type           Power        Failure   Level  Hunger
a - Pain                  Necr           ####         1%          1    None
b - Vampiric Draining     Necr           ####......   1%          3    ##.....
c - Regeneration          Chrm/Necr      ###.......   9%          3    ##.....
d - Animate Dead          Necr           N/A          7%          4    ####...

Your spell library contained the following spells:

 Spells                   Type           Power        Failure   Level  Hunger
 Animate Skeleton         Necr           N/A          1%          1    None


Dungeon Overview and Level Annotations

Branches:
Dungeon (3/15)

Altars:
Makhleb
Okawaru
Wu Jian
Yredelemnul

Annotations:
D:3 Sigmund


Message History

A puff of flame appears from out of thin air!
The puff of flame misses you.
Casting: Pain (safe; 1% risk of failure)
Confirm with . or Enter, or press ? or * to list all spells.
You can't see any susceptible monsters within range! (Use Z to cast anyway.) Unknown command.
Casting: Pain (safe; 1% risk of failure)
Confirm with . or Enter, or press ? or * to list all spells.
Aiming: Pain (safe; 1% risk of failure)
Press: ? - help, Shift-Dir - straight line, f - kobold
Aim: a kobold, wielding a +3 dagger (chance to defeat MR: 93%)
The kobold writhes in agony.
You hear some strange, mumbled words.
A puff of flame appears from out of thin air!
The puff of flame hits you! Something hits you.
A magic dart appears from out of thin air!
The magic dart hits you!
You die...
Your body rises from the dead as a mindless zombie.

<)#[........# #...# .
#...##.####..# #.###
#######. ##...#.#
#...##.# ###....#..
#..#..[#
#...÷#######......#..
#.###..#
##.K.{)o..##.._...#..
.. ..#
#.#.####.....8_..†..
.# #[.# #.#.#
##....._)..$.. # .#
#.#.# #.............
.. # #@#
#.......<..... #...#
#............. ##..#
#............. #..#
#..........).. #.##
#............. ##
##............
##.....#.....
############


You could see a kobold.

Vanquished Creatures
  Robin (D:3)
  A gnoll (D:1)
  3 adders (D:2)
  An ooze (D:3)
  An adder skeleton (D:3)
  A worm (D:2)
  A dart slug (D:3)
  7 leopard geckos
  3 orcs (D:3)
  3 giant cockroaches
  14 goblins
  8 hobgoblins
  3 jackals (D:1)
  A quokka (D:2)
  5 bats
  7 kobolds
  7 rats
67 creatures vanquished.

Notes
Turn   | Place    | Note
-------+----------+-------------------------------------------
     0 | D:1      | HawFromDerth the Deep Elf Necromancer began the quest for
                  | the Orb.
     0 | D:1      | Reached XP level 1. HP: 10/10 MP: 6/6
   228 | D:1      | Reached skill level 5 in Necromancy
   340 | D:1      | Reached XP level 2. HP: 12/15 MP: 4/8
   845 | D:2      | Reached XP level 3. HP: 13/19 MP: 6/9
  1146 | D:2      | Learned a level 3 spell: Vampiric Draining
  1150 | D:2      | Learned a level 3 spell: Regeneration
  1162 | D:2      | Reached skill level 6 in Necromancy
  1646 | D:2      | Reached XP level 4. HP: 20/24 MP: 9/12
  1785 | D:2      | Found a faded altar of an unknown god.
  2306 | D:2      | Found a basalt altar of Yredelemnul.
  2311 | D:2      | Became a worshipper of Yredelemnul the Dark
  2357 | D:3      | Noticed Robin
  2558 | D:3      | Learned a level 4 spell: Animate Dead
  2656 | D:3      | Killed Robin
  2656 | D:3      | Reached * piety under Yredelemnul
  2825 | D:3      | Found an ornate altar of the Wu Jian Council.
  2826 | D:3      | Found an iron altar of Okawaru.
  2828 | D:3      | Found a burning altar of Makhleb.
  3079 | D:3      | Noticed Sigmund
  3108 | D:3      | Reached XP level 5. HP: 22/28 MP: 1/14
  3114 | D:3      | Killed from afar by Sigmund

Levels and vault maps discovered:
D:1:      dpeg_arrival_leaves_temple_mockup, layout_rooms
D:2:      minmay_chambers_of_ones, layout_basic, marbit_many_paths,
          chequers_ecumenical_altar_simple_redux
D:3:      layout_rooms, zin_statuary,
          chequers_temple_overflow_statue_of_worship, cheibriados_altar_1,
          first_ration, uniq_sigmund, uniq_robin

Skill      XL: |  1  2  3 |
---------------+----------+-----
Necromancy     | 5 6 |  6.7
Spellcasting   | 4 |  4.7
Dodging        | |  2.5
Stealth        | |  2.6

Action                   |  1- 3 |  4- 6 || total
-------------------------+-------+-------++-------
Melee: Mace              |       |    11 ||    11
 Cast: Pain              |    58 |    48 ||   106
       Vampiric Draining |     1 |     7 ||     8
       Animate Dead      |       |     2 ||     2
  Use: Scroll            |     1 |       ||     1
  Eat: Ration            |     1 |     1 ||     2
Armor: Robe              |     1 |     5 ||     6
Dodge: Dodged            |     3 |    19 ||    22
